 Dungeon Sprint DCSS version 0.31-a0-1412-g7b7c7d10e1 (webtiles) character file.

Game seed: 14752522793962492423

1112 Groucho the Geomancer (level 8, -9/45 HPs)
             Began as a Gargoyle Earth Elementalist on Dec 26, 2023.
             Was a High Priest of Sif Muna.
             Mangled by a phantasmal warrior (33 damage)
             ... in the Dungeon (Sprint VII: "The Pits").
             The game lasted 00:05:57 (1713 turns).

Groucho the Geomancer (Gargoyle Earth Elementalist) Turns: 1713, Time: 00:05:58

Health: -9/45      AC:  7    Str: 12    XL:     8   Next: 33%
Magic:  3/18       EV: 12    Int: 18    God:    Sif Muna [*****.]
Gold:   0          SH:  0    Dex: 10    Spells: 13/21 levels left

rFire   . . .        h - +2 dagger (pain)
rCold   . . .        (no shield)
rNeg    + . .        a - +0 robe
rPois   ∞            (no helmet)
rElec   +            (no cloak)
rCorr   .            (no gloves)
SInv    .            (no boots)
Will    .....        (no amulet)
Stlth   +++          (no ring)
HPRegen 0.27/turn    (no ring)
MPRegen 0.16/turn

%: no teleportation
@: weak-willed
A: sickness immunity, AC +5, negative energy resistance 1, electricity
resistance, torment resistance 1, petrification resistance
a: Renounce Religion, Channel Magic, Forget Spell, Divine Exegesis


You were in the Dungeon.
You worshipped Sif Muna.
Sif Muna was extremely pleased with you.
You visited 1 branch

Inventory:

Hand Weapons
 h - a +2 dagger of pain (weapon)
Armour
 a - a +0 robe (worn)
Scrolls
 g - a scroll of blinking
 j - 2 scrolls of vulnerability
 k - 5 scrolls of amnesia
 l - a scroll of summoning
Potions
 b - 2 potions of magic
 c - 6 potions of curing
 d - a potion of heal wounds
 f - 3 potions of berserk rage
 i - 2 potions of invisibility


   Skills:
 + Level 2.9 Fighting
 - Level 5.0 Short Blades
 - Level 3.0 Dodging
 - Level 5.0 Stealth
 - Level 7.0 Spellcasting
 - Level 10.0 Conjurations
 - Level 3.0 Necromancy
 - Level 12.0 Earth Magic
 - Level 3.0 Alchemy


You had 13 spell levels left.
You knew the following spells:

 Your Spells              Type           Power      Damage    Failure   Level
a - Sandblast             Erth           98%        2d20      1%          1
b - Stone Arrow           Conj/Erth      90%        3d12      1%          3
c - Petrify               Alch/Erth      33%        N/A       4%          4

Your spell library contained the following spells:

 Spells                   Type           Power      Damage    Failure   Level
 Passwall                 Alch/Erth      27%        N/A       1%          2
 Brom's Barrelling Bould  Conj/Erth      45%        2d6       1%          4
 Necrotise                Necr           68%        1d7       3%          1
 Borgnjor's Vile Clutch   Necr/Erth      16%        N/A       14%         5
 Anguish                  Hex/Necr       5%         N/A       50%         4
 Lehudib's Crystal Spear  Conj/Erth      22%        10d6      100%        8
 Shatter                  Erth           24%        3d21*     100%        9


Dungeon Overview and Level Annotations

Branches:
Dungeon (1/1)

Altars:
Ashenzari
Cheibriados
Dithmenos
Elyvilon
Fedhas
Gozag
Hepliaklqana
Kikubaaqudgha
Makhleb
Nemelex Xobeh
Okawaru
Qazlal
Ru
Sif Muna
Trog
Uskayaw
Vehumet
Wu Jian
Xom
Yredelemnul
Zin
The Shining One
Jiyva
Lugonu


Innate Abilities, Weirdness & Mutations

You are immune to sickness and miasma.
Your stone body is resilient. (AC +5)
You are immune to poison.
You resist negative energy. (rN+)
You are resistant to electric shocks. (rElec)
You are resistant to unholy torment.
You are immune to petrification.


Message History

A black mamba comes into view.
The phantasmal warrior moves out of view.
Which direction?
You close the door.
Something hits you but does no damage.
Unknown command.
Unknown command.
Casting: Stone Arrow (safe; 1% risk of failure)
Confirm with . or Enter, or press ? or * to list all spells.
You can't see any susceptible monsters within range! (Use Z to cast anyway.)
Casting: Stone Arrow (safe; 1% risk of failure)
Confirm with . or Enter, or press ? or * to list all spells.
Aiming: Stone Arrow (safe; 1% risk of failure)
Press: ? - help, Shift-Dir - straight line The stone arrow hits something!
Sif Muna accepts your kill.
You see here Sif Muna's Lessons on Quicksand and Malignant Deeds {god gift}.
Sif Muna grants you a gift!
Reactivating autopickup.
You feel a bit more experienced.
Unknown command.
Unknown command.
Unknown command.
Unknown command.
A phantasmal warrior opens the door.
Things that are here:
a +0 dagger; a +0 robe The sky beast hits you.
The sky beast shocks you. You resist. The phantasmal warrior gestures at you.
The phantasmal warrior blinks!
There is an open door here.
You see here Sif Muna's Lessons on Quicksand and Malignant Deeds {god gift}.
You pick up Sif Muna's Lessons on Quicksand and Malignant Deeds {god gift} and begin reading...
It was Sif Muna's Lessons on Quicksand and Malignant Deeds {god gift}.
You add the spells Necrotise, Anguish, Borgnjor's Vile Clutch, Lehudib's Crystal Spear and Shatter to your library.
The sky beast hits you. The sky beast shocks you. You resist.
The phantasmal warrior hits you!
Your willpower is stripped away!
Unknown command.
The phantasmal warrior hits you!!
Ouch! That really hurt!
You die...

#.#...)))[.##.......#
#'###########.......#
#....)..#.. #########
#..#.#..#.# ####
#.##.##.#)#....#
#.......#†#....#
#.##.##.#)'....+
#..#.#..#Y#....#
#.......@W# ...#
########### ###


You could see a phantasmal warrior and a sky beast.

Vanquished Creatures
  A sea snake (D)
  A glass eye (D)
  A crocodile (D)
  A kobold brigand (D)
  A scorpion (D)
  4 orc priests (D)
  An orc wizard (D)
  2 gnolls (D)
  An orc (D)
  A ball python (D)
  A giant cockroach (D)
  A goblin (D)
  2 quokkas (D)
  A ball python zombie (D)
  2 bats (D)
  A kobold (D)
  2 rats (D)
24 creatures vanquished.

Notes
Turn   | Place    | Note
-------+----------+-------------------------------------------
     0 | D        | Groucho the Gargoyle Earth Elementalist began the quest for
                  | the Orb.
     0 | D        | Reached XP level 1. HP: 10/10 MP: 3/3
    11 | D        | Reached skill level 4 in Earth Magic
   182 | D        | Found a glowing golden altar of the Shining One.
   182 | D        | Found a glowing silver altar of Zin.
   182 | D        | Found a basalt altar of Yredelemnul.
   182 | D        | Found a shimmering altar of Xom.
   182 | D        | Found an ornate altar of the Wu Jian Council.
   182 | D        | Found a bloodstained altar of Trog.
   182 | D        | Found a shimmering blue altar of Sif Muna.
   182 | D        | Found a sacrificial altar of Ru.
   182 | D        | Found a stormy altar of Qazlal.
   182 | D        | Found an iron altar of Okawaru.
   182 | D        | Found a sparkling altar of Nemelex Xobeh.
   182 | D        | Found a burning altar of Makhleb.
   182 | D        | Found a viscous altar of Jiyva.
   182 | D        | Found a hazy altar of Hepliaklqana.
   182 | D        | Found an opulent altar of Gozag.
   182 | D        | Found a blossoming altar of Fedhas.
   182 | D        | Found a white marble altar of Elyvilon.
   182 | D        | Found a shadowy altar of Dithmenos.
   182 | D        | Found a snail-covered altar of Cheibriados.
   184 | D        | Found a radiant altar of Vehumet.
   184 | D        | Found a corrupted altar of Lugonu.
   185 | D        | Found a hide-covered altar of Uskayaw.
   185 | D        | Found an ancient bone altar of Kikubaaqudgha.
   185 | D        | Found a broken altar of Ashenzari.
   187 | D        | Became a worshipper of Sif Muna the Loreminder
   194 | D        | Noticed a glass eye
   217 | D        | Killed a glass eye
   218 | D        | Reached skill level 7 in Earth Magic
   218 | D        | Reached skill level 5 in Spellcasting
   218 | D        | Reached skill level 5 in Stealth
   218 | D        | Reached XP level 2. HP: 17/17 MP: 2/8
   218 | D        | Reached XP level 3. HP: 21/21 MP: 2/9
   218 | D        | Reached XP level 4. HP: 26/26 MP: 2/11
   218 | D        | Reached XP level 5. HP: 30/30 MP: 2/12
   532 | D        | Learned a level 3 spell: Stone Arrow
   543 | D        | Reached * piety under Sif Muna
   553 | D        | Learned a level 4 spell: Petrify
   696 | D        | Reached ** piety under Sif Muna
   960 | D        | Noticed a kobold brigand
   972 | D        | Reached skill level 5 in Short Blades
   972 | D        | Reached skill level 1 in Conjurations
   972 | D        | Reached XP level 6. HP: 19/35 MP: 8/13
   975 | D        | Reached *** piety under Sif Muna
  1000 | D        | Reached skill level 5 in Conjurations
  1000 | D        | Reached skill level 8 in Earth Magic
  1000 | D        | Reached **** piety under Sif Muna
  1001 | D        | Reached skill level 9 in Earth Magic
  1126 | D        | Reached skill level 10 in Earth Magic
  1126 | D        | Reached XP level 7. HP: 8/40 MP: 12/14
  1446 | D        | Noticed a sea snake
  1459 | D        | Killed a sea snake
  1460 | D        | Reached skill level 12 in Earth Magic
  1460 | D        | Reached skill level 10 in Conjurations
  1460 | D        | Reached XP level 8. HP: 38/44 MP: 11/17
  1704 | D        | Reached ***** piety under Sif Muna
  1707 | D        | Noticed a phantasmal warrior
  1707 | D        | Noticed a black mamba
  1709 | D        | Received a gift from Sif Muna
  1712 | D        | Got Sif Muna's Lessons on Quicksand and Malignant Deeds
                  | {god gift}
  1713 | D        | Mangled by a phantasmal warrior

Illustrated notes

Levels and vault maps discovered:
D:        pitsprint [storerooms_1, entrance_room_1, metal_vault_4, armoury_2,
          mini_pit_1, grid_room_1, main_hall_1, silver_pit, the_coven_1,
          the_vestibule_1, steel_vault_3, golden_pit, hallway_of_sentries,
          crystal_vault_3, iron_vault_3, final_vault]

Skill      XL: |  1  2  3  4  5  6  7  8 |
---------------+-------------------------+-----
Earth Magic    | 7 10 12 | 12.0
Fighting       | 2 |  2.9
Necromancy     | 3 |  3.0
Spellcasting   | 5 6 7 |  7.0
Alchemy        | 3 |  3.0
Stealth        | 5 |  5.0
Dodging        | 3 |  3.0
Short Blades   | 3 5 |  5.0
Conjurations   | 1 5 10 | 10.0

Action                     |  1- 3 |  4- 6 |  7- 9 || total
---------------------------+-------+-------+-------++-------
  Melee: Dagger            |    14 |       |       ||    14
   Cast: Sandblast         |     7 |    32 |     4 ||    43
         Stone Arrow       |       |     4 |    10 ||    14
    Use: Potion            |     1 |     4 |     4 ||     9
 Armour: Robe              |       |    22 |    13 ||    35
  Dodge: Dodged            |       |    14 |     9 ||    23

Table legend: (Time is in decaauts)
 A = Elapsed time spent in this place.
 B = Non-inter-level travel time spent in this place.
 C = Inter-level travel time spent in this place.
 D = Time resting spent in this place.
 E = Time spent auto-exploring this place.
 F = Levels seen in this place.
 G = Mean time per level.
                   A        B        C        D        E       F      G
               +--------+--------+--------+--------+--------+-----+--------+
         Total |   1713 |   1706 |      7 |   1416 |      0 |   1 | 1713.0 |
       Dungeon |   1713 |   1706 |      7 |   1416 |      0 |   1 | 1713.0 |
               +--------+--------+--------+--------+--------+-----+--------+

Top non-repeatable levels by time:
       D: 1713 daAuts
